[Event "42nd Olympiad Baku 2016 Open"]
[Site "Baku"]
[Date "2016.09.05"]
[Round "4.36"]
[White "Bauer, Christian"]
[Black "Mastrovasilis, Athanasios"]
[Result "1/2-1/2"]
[ECO "C54"]
[WhiteElo "2623"]
[BlackElo "2555"]
[Annotator ""]
[PlyCount "170"]
[EventDate "2016.??.??"]
[EventCountry "AZE"]
[SourceTitle "playchess.com"]
[Source "ChessBase"]
[WhiteTeam "France"]
[BlackTeam "Greece"]
[WhiteTeamCountry "FRA"]
[BlackTeamCountry "GRE"]
[TimeControl "40/5400+30:1800+30"]

1. e4 {(00:00)} e5 {(00:00)} 2. Nf3 {(00:00)} Nc6 {
(00:00)} 3. Bc4 {(00:00)} Bc5 {(00:11)} 4. c3 {(00:
44)} Nf6 {(00:11)} 5. d3 {(00:04)} a6 {(00:37)} 6. O-O {
(01:34)} d6 {(01:54)} 7. Bb3 {(07:19)} Ba7 {(02:00]
} 8. Re1 {(02:29)} h6 {(13:42)} 9. Nbd2 {(03:43)} O-O {
(02:05)} 10. Nf1 {(01:44)} Be6 {(09:39)} 11. Ng3 {(
15:15)} Qd7 {(03:35)} 12. h3 {(12:25)} Rfe8 {(21:50)} 13.
Nh2 {(07:47)} Ne7 {(07:58)} 14. Bxe6 {(08:46)} fxe6 {
(01:34)} 15. d4 {(05:32)} Ng6 {(02:17)} 16. Be3 {(
00:55)} Rf8 {(12:49)} 17. Nf3 {(03:27)} exd4 {(07:02)} 18.
cxd4 {(00:50)} Bb6 {(00:15)} 19. Qc2 {(02:43)} Qf7 {
(00:16)} 20. a3 {(06:16)} a5 {(01:40)} 21. b3 {(04:
59)} Kh8 {(00:52)} 22. Rac1 {(01:11)} Rad8 {(00:29)} 23.
b4 {(01:35)} axb4 {(00:09)} 24. axb4 {(00:01)} d5 {
(01:22)} 25. e5 {(02:13)} Ng8 {(00:30)} 26. Qd2 {(
04:18)} N8e7 {(03:22)} 27. Bxh6 {(02:09)} gxh6 {(02:40)}
28. Qxh6+ {(00:05)} Qh7 {(00:31)} 29. Qxh7+ {(00:21)} Kxh7
{(00:01)} 30. Ng5+ {(00:07)} Kg8 {(00:09)} 31. Nxe6 {
(01:22)} Nf4 {(00:17)} 32. Nxd8 {(00:56)} Rxd8 {(
00:06)} 33. Rc3 {(02:44)} Rf8 {(02:15)} 34. Ne2 {(00:56)}
Ne6 {(00:55)} 35. Rd1 {(01:24)} Nc6 {(00:54)} 36. Rg3+ {
(00:19)} Kh7 {(00:25)} 37. Rg4 {(00:27)} Nxe5 {(00:
55)} 38. dxe5 {(00:45)} Rxf2 {(00:09)} 39. Rxd5 {(01:27)}
Rxe2+ {(01:17)} 40. Kh2 {(00:00)} Kh6 {(00:00)} 41. Rd7 {
(09:58)} Rxe5 {(13:00)} 42. Rf7 {(09:05)} Re3 {(04:
53)} 43. Rf6+ {(02:34)} Kh7 {(00:38)} 44. h4 {(03:01)} Re2
{(09:08)} 45. Kh3 {(02:30)} Re5 {(03:24)} 46. g3 {(
01:28)} Be3 {(00:04)} 47. Rf7+ {(01:22)} Kh6 {(00:42)} 48.
Rg8 {(02:03)} Bd2 {(01:16)} 49. Rf6+ {(01:16)} Kh7 {
(00:24)} 50. Rgg6 {(00:31)} Nf8 {(00:21)} 51. Rg4 {
(00:25)} Ne6 {(00:30)} 52. b5 {(01:20)} b6 {(01:41]
} 53. Rf7+ {(00:03)} Kh6 {(00:04)} 54. Rf6+ {(00:30)} Kh7
{(00:02)} 55. Kg2 {(01:00)} Bc3 {(02:17)} 56. Rf7+ {
(01:09)} Kh6 {(00:01)} 57. Rf3 {(00:41)} Bd2 {(00:
45)} 58. Rf2 {(00:25)} Bc3 {(00:49)} 59. Rc4 {(00:36)} Be1
{(00:34)} 60. Rf6+ {(00:22)} Kg7 {(00:08)} 61. Rf1 {
(00:13)} Bd2 {(00:56)} 62. Rg4+ {(00:40)} Kh7 {(00:
23)} 63. Rd1 {(00:38)} Bc3 {(00:29)} 64. Rd3 {(00:40)} Be1
{(00:28)} 65. Kf3 {(00:27)} Kh6 {(01:39)} 66. Re3 {
(00:17)} Rxe3+ {(00:51)} 67. Kxe3 {(00:01)} Ng7 {(
00:35)} 68. Ke2 {(00:21)} Bc3 {(00:16)} 69. Rc4 {(00:40)}
Be5 {(00:05)} 70. g4 {(00:28)} Bg3 {(00:33)} 71. Kf3 {
(00:41)} Bxh4 {(00:41)} 72. Rxc7 {(00:07)} Kh7 {(
00:36)} 73. Rc6 {(00:42)} Bd8 {(00:34)} 74. Ke4 {(00:20)}
Kg8 {(00:26)} 75. Rd6 {(00:42)} Bc7 {(00:19)} 76. Rd7 {
(00:17)} Bg3 {(00:31)} 77. Kd5 {(00:35)} Kh7 {(00:
20)} 78. Rb7 {(01:17)} Bf2 {(00:10)} 79. Kc6 {(00:17)} Kg6
{(00:08)} 80. Rxb6 {(00:16)} Bxb6 {(00:07)} 81. Kxb6 {
(00:02)} Ne6 {(00:22)} 82. Ka5 {(00:33)} Kg5 {(00:
25)} 83. b6 {(00:06)} Nd8 {(00:06)} 84. Ka6 {(00:17)} Kxg4
{(00:04)} 85. b7 {(00:06)} Nxb7 1/2-1/2

[Event "42nd Olympiad Baku 2016 Open"]
[Site "Baku"]
[Date "2016.09.05"]
[Round "4.28"]
[White "Becham, Khalid"]
[Black "Rakotomaharo, Tahina Hajanirina"]
[Result "1/2-1/2"]
[ECO "C10"]
[WhiteElo "2134"]
[BlackElo "2060"]
[Annotator ""]
[PlyCount "92"]
[EventDate "2016.??.??"]
[EventCountry "AZE"]
[SourceTitle "playchess.com"]
[Source "ChessBase"]
[WhiteTeam "Morocco"]
[BlackTeam "Madagascar"]
[WhiteTeamCountry "MAR"]
[BlackTeamCountry "MAD"]
[TimeControl "40/5400+30:1800+30"]

1. e4 {(00:00)} e6 {(00:03)} 2. d4 {(00:00)} d5 {(
00:11)} 3. Nc3 {(05:14)} h6 {(07:59)} 4. Nf3 {(04:13)} Nf6
{(00:17)} 5. e5 {(00:52)} Ne4 {(00:11)} 6. Bd3 {(
13:49)} Bb4 {(01:17)} 7. O-O {(00:02)} Nxc3 {(00:34)} 8.
Qe1 {(08:26)} Nxa2 {(05:19)} 9. Bd2 {(03:43)} Be7 {
(01:57)} 10. Rxa2 {(00:03)} c5 {(08:51)} 11. dxc5 {
(03:42)} Bxc5 {(00:20)} 12. b4 {(00:02)} Bb6 {(06:
39)} 13. b5 {(01:04)} Nd7 {(05:51)} 14. Ra4 {(05:26)} Nc5
{(16:23)} 15. Rg4 {(00:02)} Nxd3 {(00:19)} 16. cxd3 {
(00:01)} g6 {(02:40)} 17. d4 {(03:56)} Qd7 {(06:04]
} 18. Qb1 {(03:11)} Bd8 {(02:27)} 19. Rc1 {(06:04)} a6 {
(09:09)} 20. Bb4 {(05:48)} Qxb5 {(06:07)} 21. Rc5 {
(05:37)} Qb6 {(07:21)} 22. Qe1 {(00:19)} a5 {(00:
42)} 23. Bxa5 {(00:45)} Rxa5 {(00:11)} 24. Rxc8 {(00:00)}
Rb5 {(00:46)} 25. Rc1 {(02:22)} O-O {(01:39)} 26. h4 {
(01:20)} h5 {(00:09)} 27. Rf4 {(00:45)} Be7 {(02:
10)} 28. g4 {(00:33)} hxg4 {(01:34)} 29. Rxg4 {(00:01)}
Rb3 {(00:22)} 30. Kg2 {(01:42)} Qb4 {(01:08)} 31. Qe2 {
(01:27)} Qb5 {(00:29)} 32. Qc2 {(03:06)} Kg7 {(03:
19)} 33. h5 {(00:22)} Rb2 {(02:37)} 34. Rxg6+ {(01:53)}
Kh7 {(00:44)} 35. Qc7 {(02:09)} fxg6 {(00:02)} 36. Qxe7+ {
(00:01)} Kg8 {(01:33)} 37. Rc7 {(07:19)} Rxf2+ {(
00:14)} 38. Kxf2 {(00:01)} Rxf3+ {(00:31)} 39. Kxf3 {(00:
02)} Qd3+ {(00:22)} 40. Kf4 {(00:00)} Qe4+ {(00:00)} 41.
Kg3 {(04:05)} Qe3+ {(02:19)} 42. Kg2 {(01:48)} Qe2+ {
(00:29)} 43. Kg3 {(00:01)} Qe3+ {(00:16)} 44. Kg4 {
(00:02)} Qe4+ {(00:26)} 45. Kg5 {(00:38)} Qf5+ {(
00:20)} 46. Kh4 {(00:01)} Qf4+ {(00:14)} 1/2-1/2

[Event "42nd Olympiad Baku 2016 Open"]
[Site "Baku"]
[Date "2016.09.05"]
[Round "4.19"]
[White "Belouadah, Saad"]
[Black "Saeed, Ishaq"]
[Result "0-1"]
[ECO "D10"]
[WhiteElo "2340"]
[BlackElo "2310"]
[Annotator ""]
[PlyCount "80"]
[EventDate "2016.??.??"]
[EventCountry "AZE"]
[SourceTitle "playchess.com"]
[Source "ChessBase"]
[WhiteTeam "Algeria"]
[BlackTeam "United Arab Emirates"]
[WhiteTeamCountry "ALG"]
[BlackTeamCountry "UAE"]
[TimeControl "40/5400+30:1800+30"]

1. d4 {(00:12)} d5 {(00:00)} 2. c4 {(01:20)} c6 {(
00:00)} 3. cxd5 {(00:34)} cxd5 {(00:09)} 4. Nc3 {(00:30)}
Nf6 {(00:19)} 5. Bf4 {(00:14)} Nc6 {(00:37)} 6. e3 {
(00:11)} Bf5 {(00:47)} 7. Nf3 {(05:05)} Rc8 {(34:
59)} 8. Qb3 {(10:25)} Na5 {(12:13)} 9. Bb5+ {(07:45)} Bd7
{(01:02)} 10. Qa4 {(00:05)} Rc4 {(00:22)} 11. Bxd7+ {
(00:36)} Nxd7 {(02:41)} 12. Qd1 {(00:53)} e6 {(01:
25)} 13. O-O {(00:37)} Be7 {(03:11)} 14. Qd3 {(07:16)} O-O
{(02:58)} 15. b3 {(05:57)} Rc8 {(00:54)} 16. Na4 {(
05:43)} a6 {(11:25)} 17. Ne5 {(09:18)} Nxe5 {(03:29)} 18.
Bxe5 {(03:46)} Nc6 {(00:14)} 19. Bg3 {(00:46)} Nb4 {
(00:15)} 20. Qd1 {(01:34)} Qa5 {(03:49)} 21. Be5 {(
10:01)} Qb5 {(12:52)} 22. Qg4 {(03:57)} g6 {(00:08)} 23.
Qg3 {(00:38)} Nd3 {(05:16)} 24. Bd6 {(11:30)} Bxd6 {
(00:12)} 25. Qxd6 {(00:03)} Rc2 {(01:14)} 26. h4 {(
00:47)} h5 {(00:17)} 27. Rad1 {(04:00)} Nb2 {(02:06)} 28.
Nc5 {(06:19)} Nxd1 {(00:22)} 29. Nd7 {(00:20)} Rfc8 {
(00:40)} 30. Rxd1 {(00:15)} Qe2 {(00:24)} 31. Rf1 {
(00:44)} Rxa2 {(00:36)} 32. Nf6+ {(01:07)} Kg7 {(
00:20)} 33. Qe5 {(00:42)} Qxf1+ {(00:11)} 34. Kh2 {(00:09]
} Rxf2 {(00:56)} 35. Nxh5+ {(03:04)} Kf8 {(00:17)} 36. Nf4
{(00:25)} Rxf4 {(00:39)} 37. exf4 {(00:05)} Rc1 {(
00:35)} 38. Qd6+ {(01:24)} Kg7 {(00:10)} 39. Qe5+ {(00:30]
} Kg8 {(00:15)} 40. Qb8+ {(00:00)} Kh7 {(00:00)} 0-1

[Event "42nd Olympiad Baku 2016 Open"]
[Site "Baku"]
[Date "2016.09.05"]
[Round "4.12"]
[White "Ben Youssef, Anis"]
[Black "Luukkonen, Tommi"]
[Result "0-1"]
[ECO "B50"]
[WhiteElo "1893"]
[BlackElo "2354"]
[Annotator ""]
[PlyCount "70"]
[EventDate "2016.??.??"]
[EventCountry "AZE"]
[SourceTitle "playchess.com"]
[Source "ChessBase"]
[WhiteTeam "Tunisia"]
[BlackTeam "Finland"]
[WhiteTeamCountry "TUN"]
[BlackTeamCountry "FIN"]
[TimeControl "40/5400+30:1800+30"]

1. e4 {(00:00)} c5 {(00:00)} 2. Nf3 {(00:07)} d6 {(
00:00)} 3. h3 {(01:03)} Nc6 {(00:37)} 4. Nc3 {(02:48)} Nf6
{(01:55)} 5. Bb5 {(01:06)} Bd7 {(02:09)} 6. O-O {(
01:07)} e6 {(08:17)} 7. Bxc6 {(02:56)} Bxc6 {(00:12)} 8.
e5 {(00:32)} Nd7 {(01:39)} 9. exd6 {(01:52)} Bxd6 {
(00:48)} 10. d3 {(02:36)} Qc7 {(03:00)} 11. Be3 {(
02:38)} O-O-O {(00:52)} 12. Ng5 {(01:56)} Nf6 {(06:41)}
13. a4 {(04:22)} h6 {(01:23)} 14. Nf3 {(00:10)} a6 {
(01:58)} 15. Qe2 {(01:20)} Nd5 {(09:21)} 16. Ne4 {(
01:59)} Be7 {(01:53)} 17. Bd2 {(17:21)} g5 {(05:32)} 18.
Nc3 {(03:58)} Rhg8 {(03:45)} 19. Ne5 {(03:02)} Be8 {
(05:01)} 20. Rfe1 {(04:20)} Nb4 {(04:01)} 21. Rec1 {
(09:45)} h5 {(01:49)} 22. Na2 {(06:32)} Nc6 {(02:
55)} 23. Bc3 {(08:13)} g4 {(03:23)} 24. hxg4 {(05:43)}
Nxe5 {(04:12)} 25. Bxe5 {(00:19)} Qc6 {(02:16)} 26. Qe4 {
(04:27)} Rxg4 {(00:22)} 27. Qxc6+ {(00:51)} Bxc6 {(
00:07)} 28. g3 {(00:42)} f6 {(01:18)} 29. Bf4 {(01:08)} h4
{(00:37)} 30. Nc3 {(04:35)} e5 {(00:29)} 31. Re1 {(
00:41)} Rdg8 {(00:34)} 32. f3 {(02:11)} Rxf4 {(00:16)} 33.
Ne4 {(01:30)} Rxf3 {(00:33)} 34. Kg2 {(01:49)} Rfxg3+ {
(00:16)} 35. Kf2 {(00:20)} Rg2+ {(00:11)} 0-1

[Event "42nd Olympiad Baku 2016 Open"]
[Site "Baku"]
[Date "2016.09.05"]
[Round "4.20"]
[White "Berry, Neil"]
[Black "Esen, Baris"]
[Result "0-1"]
[ECO "A65"]
[WhiteElo "2315"]
[BlackElo "2524"]
[Annotator ""]
[PlyCount "100"]
[EventDate "2016.??.??"]
[EventCountry "AZE"]
[SourceTitle "playchess.com"]
[Source "ChessBase"]
[WhiteTeam "Scotland"]
[BlackTeam "Turkey"]
[WhiteTeamCountry "SCO"]
[BlackTeamCountry "TUR"]
[TimeControl "40/5400+30:1800+30"]

1. d4 {(00:00)} Nf6 {(00:00)} 2. c4 {(00:00)} e6 {(
00:00)} 3. Nc3 {(00:22)} c5 {(00:07)} 4. d5 {(00:39)} exd5
{(00:10)} 5. cxd5 {(00:06)} d6 {(00:14)} 6. e4 {(
00:26)} g6 {(00:10)} 7. Bd3 {(03:20)} Bg7 {(00:19)} 8. h3
{(00:20)} O-O {(00:12)} 9. Nf3 {(00:11)} Re8 {(00:
37)} 10. O-O {(01:38)} a6 {(00:09)} 11. a4 {(00:28)} Nbd7
{(00:08)} 12. Bf4 {(02:43)} Nh5 {(08:13)} 13. Bg5 {
(01:09)} Bf6 {(01:52)} 14. Be3 {(00:51)} Ne5 {(00:
33)} 15. Be2 {(00:43)} Nxf3+ {(00:08)} 16. Bxf3 {(00:05)}
Ng7 {(00:07)} 17. a5 {(10:10)} Bd7 {(16:38)} 18. Qd2 {
(16:50)} Be5 {(09:31)} 19. Rfc1 {(11:34)} b5 {(13:
34)} 20. axb6 {(02:53)} Qxb6 {(00:08)} 21. Bf4 {(14:39)}
f5 {(12:34)} 22. Bxe5 {(10:07)} Rxe5 {(03:27)} 23. Re1 {
(00:16)} Rae8 {(02:41)} 24. Be2 {(06:53)} fxe4 {(
04:59)} 25. Rxa6 {(00:40)} Qb8 {(03:09)} 26. Rea1 {(01:26]
} Rf8 {(09:18)} 27. Bg4 {(03:24)} Bxg4 {(04:27)} 28. hxg4
{(00:05)} Qd8 {(00:08)} 29. Nd1 {(00:54)} Ne8 {(01:
54)} 30. Ra7 {(03:51)} Qh4 {(01:01)} 31. Ne3 {(01:03)} Nf6
{(02:19)} 32. Rb7 {(01:09)} Nxg4 {(01:21)} 33. Nxg4 {
(01:36)} Rh5 {(00:35)} 34. Nf6+ {(04:29)} Rxf6 {(
05:08)} 35. Rb8+ {(00:57)} Rf8 {(00:14)} 36. Rxf8+ {(00:
33)} Kxf8 {(00:04)} 37. Ra8+ {(00:30)} Ke7 {(00:45)} 38.
Ra7+ {(00:32)} Ke8 {(00:47)} 39. Ra8+ {(00:19)} Kd7 {
(00:40)} 40. Ra7+ {(00:00)} Kc8 {(00:00)} 41. Kf1 {
(15:57)} Qh1+ {(01:20)} 42. Ke2 {(00:06)} Qxg2 {(
00:08)} 43. Qf4 {(11:35)} Rf5 {(13:24)} 44. Qh4 {(01:38)}
Qf3+ {(00:35)} 45. Ke1 {(00:30)} g5 {(00:39)} 46. Qg3 {
(01:24)} Qxg3 {(01:08)} 47. fxg3 {(00:04)} h5 {(00:
08)} 48. Rh7 {(00:23)} g4 {(00:24)} 49. Re7 {(00:16)} Rxd5
{(00:11)} 50. Rxe4 {(00:05)} Re5 {(00:38)} 0-1

[Event "42nd Olympiad Baku 2016 Open"]
[Site "Baku"]
[Date "2016.09.05"]
[Round "4.4"]
[White "Bilguun, Sumiya"]
[Black "Brkic, Ante"]
[Result "1/2-1/2"]
[ECO "C92"]
[WhiteElo "2444"]
[BlackElo "2584"]
[Annotator ""]
[PlyCount "60"]
[EventDate "2016.??.??"]
[EventCountry "AZE"]
[SourceTitle "playchess.com"]
[Source "ChessBase"]
[WhiteTeam "Mongolia"]
[BlackTeam "Croatia"]
[WhiteTeamCountry "MGL"]
[BlackTeamCountry "CRO"]
[TimeControl "40/5400+30:1800+30"]

1. e4 {(00:00)} e5 {(00:00)} 2. Nf3 {(00:00)} Nc6 {
(00:00)} 3. Bb5 {(01:02)} a6 {(00:00)} 4. Ba4 {(00:
07)} Nf6 {(00:00)} 5. O-O {(00:23)} Be7 {(00:23)} 6. Re1 {
(00:18)} b5 {(00:25)} 7. Bb3 {(00:13)} d6 {(00:42)}
8. c3 {(01:09)} O-O {(00:11)} 9. h3 {(00:22)} Re8 {
(00:28)} 10. Ng5 {(04:43)} Rf8 {(00:11)} 11. Nf3 {(
00:08)} Bb7 {(00:17)} 12. d4 {(01:34)} Nd7 {(04:50)} 13.
Nbd2 {(07:50)} exd4 {(00:44)} 14. cxd4 {(00:34)} Bf6 {
(00:30)} 15. Nf1 {(01:37)} Na5 {(00:13)} 16. Bc2 {(
01:38)} Re8 {(00:05)} 17. Ng3 {(07:11)} g6 {(00:40)} 18.
b3 {(06:53)} c5 {(00:21)} 19. Bb2 {(02:12)} Nc6 {(
03:40)} 20. Qd2 {(01:57)} Rc8 {(06:31)} 21. Rad1 {(05:42)}
Nxd4 {(34:09)} 22. Nxd4 {(00:40)} Bxd4 {(06:05)} 23. Bxd4
{(00:35)} cxd4 {(00:01)} 24. Bb1 {(00:35)} Qf6 {(
00:14)} 25. Qxd4 {(02:45)} Qxd4 {(00:22)} 26. Rxd4 {(00:
06)} d5 {(00:03)} 27. Red1 {(06:47)} Nf6 {(00:41)} 28.
exd5 {(00:41)} Bxd5 {(00:34)} 29. f3 {(03:30)} Rc5 {
(15:48)} 30. Kf2 {(02:17)} a5 {(05:00)} 1/2-1/2

[Event "42nd Olympiad Baku 2016 Open"]
[Site "Baku"]
[Date "2016.09.05"]
[Round "4.14"]
[White "Blagojevic, Dragisa"]
[Black "Bartel, Mateusz"]
[Result "1/2-1/2"]
[ECO "A50"]
[WhiteElo "2482"]
[BlackElo "2646"]
[Annotator ""]
[PlyCount "88"]
[EventDate "2016.??.??"]
[EventCountry "AZE"]
[SourceTitle "playchess.com"]
[Source "ChessBase"]
[WhiteTeam "Montenegro"]
[BlackTeam "Poland"]
[WhiteTeamCountry "MNE"]
[BlackTeamCountry "POL"]
[TimeControl "40/5400+30:1800+30"]

1. d4 {(00:00)} Nf6 {(00:00)} 2. c4 {(00:00)} b6 {(
00:00)} 3. Nc3 {(00:15)} Bb7 {(00:00)} 4. Qc2 {(01:00)} d5
{(00:15)} 5. cxd5 {(00:32)} Nxd5 {(00:08)} 6. Nf3 {
(00:09)} Nxc3 {(03:49)} 7. bxc3 {(00:20)} g6 {(01:
35)} 8. e4 {(02:40)} Bg7 {(00:10)} 9. Be2 {(04:47)} O-O {
(03:53)} 10. O-O {(00:10)} Qc8 {(06:02)} 11. Bf4 {(
11:32)} Nd7 {(08:16)} 12. Rad1 {(05:42)} Nf6 {(02:24)} 13.
Nd2 {(04:54)} Nxe4 {(06:38)} 14. Nxe4 {(04:51)} Qf5 {
(00:06)} 15. Bxc7 {(07:36)} Bxe4 {(00:45)} 16. Qd2 {
(04:36)} Rac8 {(10:38)} 17. Bg3 {(05:06)} b5 {(02:
20)} 18. Rfe1 {(09:46)} a6 {(06:37)} 19. a4 {(04:25)} bxa4
{(07:14)} 20. Ra1 {(07:35)} Qa5 {(08:12)} 21. Bg4 {
(06:22)} f5 {(11:17)} 22. Rxe4 {(00:15)} fxe4 {(00:
06)} 23. Qa2+ {(00:53)} Kh8 {(00:06)} 24. Bxc8 {(00:09)}
Rxc8 {(00:13)} 25. Qxa4 {(01:37)} Qxc3 {(00:38)} 26. Qxa6
{(02:20)} Bxd4 {(00:28)} 27. Rf1 {(03:06)} Rf8 {(
05:35)} 28. Rd1 {(08:02)} Qb2 {(09:16)} 29. Rf1 {(00:58)}
Qb3 {(03:13)} 30. Qa5 {(01:43)} Kg8 {(01:06)} 31. Qd2 {
(01:51)} e5 {(00:57)} 32. Re1 {(00:56)} Rc8 {(01:
46)} 33. Bh4 {(01:05)} Qd3 {(02:14)} 34. Qa2+ {(00:25)}
Qc4 {(00:07)} 35. Qb1 {(01:11)} e3 {(00:20)} 36. Qe4 {
(00:36)} exf2+ {(01:04)} 37. Bxf2 {(00:06)} Rd8 {(
00:30)} 38. Bxd4 {(00:30)} exd4 {(00:19)} 39. Qe7 {(00:26]
} Qd5 {(00:21)} 40. Re5 {(00:00)} Qd7 {(00:00)} 41. Qxd7 {
(03:41)} Rxd7 {(00:30)} 42. Kf2 {(00:33)} Kf7 {(00:
04)} 43. Ke2 {(09:18)} Ra7 {(01:25)} 44. Rd5 {(04:10)}
Ra2+ {(06:54)} 1/2-1/2

[Event "42nd Olympiad Baku 2016 Open"]
[Site "Baku"]
[Date "2016.09.05"]
[Round "4.29"]
[White "Blijstra, Wim"]
[Black "Mafnas, Peter"]
[Result "1-0"]
[ECO "D43"]
[WhiteElo "2216"]
[BlackElo "2095"]
[Annotator ""]
[PlyCount "83"]
[EventDate "2016.??.??"]
[EventCountry "AZE"]
[SourceTitle "playchess.com"]
[Source "ChessBase"]
[WhiteTeam "Netherlands Antilles"]
[BlackTeam "GUM"]
[WhiteTeamCountry "AHO"]
[TimeControl "40/5400+30:1800+30"]

1. Nf3 {(00:00)} d5 {(00:00)} 2. d4 {(00:00)} Nf6 {
(00:00)} 3. c4 {(00:19)} c6 {(00:15)} 4. Nc3 {(02:
35)} e6 {(03:08)} 5. Bg5 {(00:30)} Be7 {(00:12)} 6. e3 {
(00:14)} O-O {(00:11)} 7. Bd3 {(02:27)} h6 {(00:21]
} 8. Bh4 {(01:34)} b6 {(00:45)} 9. O-O {(00:28)} Bb7 {
(00:48)} 10. Rb1 {(03:17)} Nbd7 {(01:05)} 11. cxd5 {
(05:31)} cxd5 {(01:49)} 12. Nd2 {(10:57)} Rc8 {(05:
58)} 13. Bg3 {(00:31)} a6 {(02:06)} 14. a4 {(08:10)} Bb4 {
(03:11)} 15. Rc1 {(01:19)} Qe7 {(04:44)} 16. f4 {(
08:03)} Bxc3 {(05:40)} 17. bxc3 {(00:06)} Qa3 {(06:01)}
18. Nb1 {(00:16)} Qe7 {(00:29)} 19. Qb3 {(02:11)} Rc6 {
(05:29)} 20. Nd2 {(05:04)} Ng4 {(00:46)} 21. e4 {(
05:33)} dxe4 {(02:08)} 22. Bxe4 {(03:24)} Rc7 {(00:08)}
23. Bxb7 {(07:13)} Rxb7 {(00:11)} 24. Rfe1 {(00:13)} Qd8 {
(01:55)} 25. f5 {(02:34)} exf5 {(00:30)} 26. Qd5 {(
00:59)} Ra7 {(01:41)} 27. Qxf5 {(01:00)} Ngf6 {(00:42)}
28. Nc4 {(00:46)} Qc8 {(00:50)} 29. Nd6 {(03:21)} Qc6 {
(05:32)} 30. Qc2 {(02:10)} Qd5 {(03:40)} 31. Nf5 {(
01:35)} Qc4 {(02:27)} 32. Ne3 {(02:00)} Qc6 {(00:21)} 33.
c4 {(00:14)} Qe4 {(01:00)} 34. Qc3 {(00:30)} Rc8 {(
00:43)} 35. a5 {(05:13)} b5 {(03:18)} 36. Qd2 {(04:43)}
bxc4 {(03:49)} 37. Nxc4 {(00:04)} Qg4 {(01:16)} 38. Ne3 {
(02:11)} Rxc1 {(02:57)} 39. Nxg4 {(01:30)} Rxe1+ {(
00:09)} 40. Qxe1 {(00:00)} Nxg4 {(00:00)} 41. Qe8+ {(00:
57)} Kh7 42. Qe4+ 1-0

[Event "42nd Olympiad Baku 2016 Open"]
[Site "Baku"]
[Date "2016.09.05"]
[Round "4.11"]
[White "Bluebaum, Matthias"]
[Black "Roiz, Michael"]
[Result "1-0"]
[ECO "E21"]
[WhiteElo "2626"]
[BlackElo "2605"]
[Annotator ""]
[PlyCount "135"]
[EventDate "2016.??.??"]
[EventCountry "AZE"]
[SourceTitle "playchess.com"]
[Source "ChessBase"]
[WhiteTeam "Germany"]
[BlackTeam "Israel"]
[WhiteTeamCountry "GER"]
[BlackTeamCountry "ISR"]
[TimeControl "40/5400+30:1800+30"]

1. d4 {(00:00)} Nf6 {(00:00)} 2. c4 {(00:00)} e6 {(
00:00)} 3. Nc3 {(00:00)} Bb4 {(01:27)} 4. Nf3 {(00:25)} d6
{(06:30)} 5. Qc2 {(01:16)} Nbd7 {(04:59)} 6. Bd2 {(
01:24)} b6 {(05:38)} 7. e4 {(04:18)} Bb7 {(10:09)} 8. Bd3
{(05:17)} e5 {(01:36)} 9. a3 {(07:36)} Bxc3 {(01:
07)} 10. Bxc3 {(00:04)} O-O {(04:06)} 11. dxe5 {(23:44)}
Nxe5 {(04:24)} 12. Nxe5 {(01:11)} dxe5 {(01:02)} 13. Bxe5
{(03:40)} Re8 {(01:05)} 14. Bxf6 {(00:44)} Qxf6 {(
00:07)} 15. f3 {(12:13)} Rad8 {(05:53)} 16. O-O-O {(00:16]
} c5 {(04:47)} 17. Kb1 {(01:33)} Rd4 {(27:12)} 18. Be2 {
(04:49)} Red8 {(00:05)} 19. Rxd4 {(04:01)} Rxd4 {(
00:03)} 20. Rd1 {(03:52)} Bc6 {(01:31)} 21. Ka2 {(08:15)}
Qd6 {(01:39)} 22. Rxd4 {(00:34)} Qxd4 {(00:02)} 23. Bd3 {
(00:51)} h6 {(03:17)} 24. Qe2 {(01:46)} Bd7 {(04:
44)} 25. f4 {(02:58)} f6 {(02:27)} 26. g3 {(07:05)} Be6 {
(02:40)} 27. Ka1 {(00:55)} Qg1+ {(01:10)} 28. Ka2 {
(00:05)} Qd4 {(00:03)} 29. Kb1 {(02:18)} Bg4 {(01:
35)} 30. Qf1 {(00:38)} Bh3 {(01:03)} 31. Qe2 {(02:05)} Bg4
{(00:04)} 32. Qf1 {(00:03)} Bh3 {(00:04)} 33. Qd1 {
(00:22)} Be6 {(00:40)} 34. Qc2 {(01:00)} Kf8 {(02:
07)} 35. Qe2 {(00:51)} Bg4 {(01:21)} 36. Qf1 {(00:04)} Bh3
{(01:05)} 37. Qe2 {(00:04)} Bg4 {(00:05)} 38. Qf1 {
(00:04)} Bh3 {(00:04)} 39. Qd1 {(00:08)} Be6 {(00:
28)} 40. Qc2 {(00:00)} Ke7 {(00:00)} 41. b3 {(11:23)} a5 {
(13:57)} 42. Ka2 {(05:25)} Bg4 {(03:35)} 43. Be2 {(
02:57)} Be6 {(03:29)} 44. a4 {(03:16)} Qf2 {(01:11)} 45.
Bd1 {(01:34)} Qxc2+ {(03:49)} 46. Bxc2 {(00:05)} Kd6 {
(00:02)} 47. Bd1 {(01:46)} Bf7 {(00:42)} 48. Kb2 {(
00:21)} Be6 {(00:19)} 49. Kc3 {(00:05)} Bd7 {(00:05)} 50.
Bh5 {(00:49)} Bc6 {(00:10)} 51. Kd3 {(00:38)} Bd7 {
(00:07)} 52. Ke3 {(00:10)} Bc8 {(00:35)} 53. Kf3 {(
00:49)} Bd7 {(00:24)} 54. Bg6 {(00:58)} Be6 {(00:23)} 55.
f5 {(03:38)} Bd7 {(00:42)} 56. Kf4 {(00:06)} Bc6 {(
01:09)} 57. Bf7 {(01:18)} Bd7 {(02:12)} 58. g4 {(00:52)}
Ke7 {(00:20)} 59. Bd5 {(00:46)} Kd6 {(00:11)} 60. h3 {
(01:14)} Be8 {(00:37)} 61. h4 {(00:05)} Bd7 {(00:
21)} 62. g5 {(01:08)} Be8 {(02:26)} 63. g6 {(00:50)} Bd7 {
(00:10)} 64. h5 {(01:43)} Bc8 {(00:30)} 65. e5+ {(
00:25)} Ke7 {(00:03)} 66. Ke4 {(00:20)} Ba6 {(00:23)} 67.
Ba8 {(00:31)} Bc8 {(00:17)} 68. Bc6 {(00:04)} 1-0